 Dungeon Crawl Stone Soup version 0.30-a0-760-g5a9884bb7c (webtiles) character file.

Game seed: 14242095952121859580

131 BeKind the Chiller (level 5, -10/31 HPs)
             Began as an Octopode Ice Elementalist on Feb 12, 2023.
             Mangled by a demonic crawler (13 damage)
             ... on level 3 of the Dungeon.
             The game lasted 00:05:09 (3338 turns).

BeKind the Chiller (Octopode Ice Elementalist)      Turns: 3338, Time: 00:05:09

Health: -10/31     AC:  5    Str:  7    XL:     5   Next: 14%
Magic:  18/18      EV: 14    Int: 19    God:
Gold:   102        SH:  0    Dex: 18    Spells: 6/10 levels left

rFire   . . .      SeeInvis .    o - +6 whip "Butor" {elec, *Noise MP+9 Dex+5 Stlth-}
rCold   . . .      Faith    .    (no shield)
rNeg    . . .      Spirit   .    (helmet restricted)
rPois   .          Reflect  .    (no amulet)
rElec   .          Harm     .    m - +4 ring of protection
rCorr   .          Rampage  .    (no ring)
Will    .....                    (no ring)
Stlth   ++                       (no ring)
HPRegen 0.25/turn                (no ring)
MPRegen 0.16/turn                (no ring)
                                 (no ring)
                                 (no ring)

@: lethally poisoned (-10 -> -23), about to teleport
A: almost no armour, amphibious, 8 rings, camouflage 1, gelatinous body 1,
(nimble swimmer 1), tentacles
a: no special abilities


You were on level 3 of the Dungeon.
You visited 1 branch of the dungeon, and saw 3 of its levels.
You visited the Abyss 1 time.

You collected 102 gold pieces.

Inventory:

Hand Weapons
 b - a +0 short sword of venom
 o - the +6 whip "Butor" (weapon) {elec, *Noise MP+9 Dex+5 Stlth-}
   (You found it on level 3 of the Dungeon)

   Dex:       It affects your dexterity (+5).
   MP:        It affects your magic capacity (+9).
   *Noise:    It may make noises in combat.
   Stlth:     It makes you less stealthy.
Jewellery
 m - a +4 ring of protection (left tentacle)
Scrolls
 d - a scroll of torment {unknown}
 f - 2 scrolls of poison
 g - a scroll of blinking {unknown}
 j - 10 scrolls of identify {unknown}
 k - 2 scrolls of magic mapping {unknown}
Potions
 a - a potion of magic
 c - a potion of curing
 h - a potion of degeneration {unknown}
 i - a potion of lignification {unknown}
 l - a potion of resistance {unknown}
 n - a potion of might {unknown}
 p - 2 potions of flight {unknown}
 q - a potion of attraction {unknown}


   Skills:
 * Level 3.5 Dodging
 - Level 2.9 Stealth
 + Level 3.0 Spellcasting
 + Level 4.8 Ice Magic


You had 6 spell levels left.
You knew the following spells:

 Your Spells              Type           Power      Damage    Failure   Level
a - Freeze                Ice            84%        1d9       2%          1
b - Frozen Ramparts       Ice            42%        1d7       6%          3

Your spell library contained the following spells:

 Spells                   Type           Power      Damage    Failure   Level
 Ozocubu's Armour         Ice            21%        N/A       6%          3
 Sandblast                Erth           4%         2d4       16%         1
 Blink                    Tloc           4%         N/A       22%         2
 Lesser Beckoning         Tloc           4%         N/A       22%         2
 Momentum Strike          Conj/Tloc      4%         3d8       22%         2
 Passwall                 Tmut/Erth      1%         N/A       22%         2
 Stone Arrow              Conj/Erth      4%         3d7       41%         3
 Summon Ice Beast         Ice/Summ       12%        N/A       50%         4


Dungeon Overview and Level Annotations

Branches:
Dungeon (3/15)

Altars:
Cheibriados
Xom

Annotations:
D:3 2 transporters, GloriousHammer's ghost, amateur VSBr


Innate Abilities, Weirdness & Mutations

You cannot wear most types of armour.
You are amphibious.
You can wear up to eight rings at the same time.
Your skin changes colour to match your surroundings (Stealth+).
Your rubbery body absorbs attacks. (AC +1, EV +1)
((You are camouflaged when in or above water. (Stealth+)))
You have tentacles for arms and can constrict up to eight enemies at once.


Message History

Found a gateway leading out of the Abyss.
The demonic crawler hits you!
The demonic crawler closely misses you. x2
There is a gateway leading out of the Abyss, spattered with blood here.
The demonic crawler hits you. The demonic crawler barely misses you.
The demonic crawler misses you.
You pass through the gate.
Welcome back to the Dungeon!
Level annotation: 2 transporters, GloriousHammer's ghost, amateur VSBr The crimson imp barely misses you. x2
The crimson imp hits you with a +2 dagger of chaos.
You are poisoned.
There is an open door here.
Okay, then.
The air fills with toxic fumes!
As you read the scroll labelled SASEUQ YCULECYEF, it crumbles to dust.
It was a scroll of poison.
You feel sick.
The demonic crawler completely misses you.
The demonic crawler hits you. x2
* * * LOW HITPOINT WARNING * * *
The crimson imp hits you with a +2 dagger of chaos.
* * * LOW HITPOINT WARNING * * *
The crimson imp freezes you.
* * * LOW HITPOINT WARNING * * *
The crimson imp hits you but does no damage.
As you read the scroll labelled FEGADGHUOMOY, it crumbles to dust.
You feel strangely unstable.
It was a scroll of teleportation.
* * * LOW HITPOINT WARNING * * *
You feel sick. The demonic crawler misses you.
The demonic crawler hits you but does no damage. x2
The crimson imp blinks!
The crimson imp enters a dispersal trap!
The crimson imp blinks!
You blink.
The crimson imp blinks!
The crimson imp enters a dispersal trap!
You blink.
The crimson imp blinks!
It was a potion of curing.
You feel better.
You are engulfed in poison gas.
You are lethally poisoned!
* * * LOW HITPOINT WARNING * * *
x2 You feel very sick.
The demonic crawler misses you. The demonic crawler hits you!
You die...

..©##..# #.##.....##.##.....####
####...# #.##.#.#.##.#.......##
.......####.##.................##
...............................'.
#...#.######.#########.........##
##.##.# #.##.#§# ##.......##
####.# #.##§#§# ##.....## #.#
#..#§§.#### ##...## #####.####
##.+5@§'55# ##'## #........#
##§§s##.# #.# #.#...##.#
#§#§##.### #.# #.#.####.#
#.#§#....###.## #.#.####.#
#####....##...## #........#
#...........#### ###.######
#.....##........ ###.#
#.....###.###### ....# #######
###


You could see a demonic crawler and 2 crimson imps.

Vanquished Creatures
  A crimson imp (D:3)
  An adder (D:3)
  2 worms (D:2)
  4 dart slugs
  6 endoplasms
  6 giant cockroaches
  7 goblins
  11 hobgoblins
  A quokka (D:1)
  5 ball pythons
  7 bats
  5 frilled lizards
  5 kobolds
  8 rats
69 creatures vanquished.

Notes
Turn   | Place    | Note
-------+----------+-------------------------------------------
     0 | D:1      | BeKind the Octopode Ice Elementalist began the quest for
                  | the Orb.
     0 | D:1      | Reached XP level 1. HP: 11/11 MP: 3/3
   117 | D:1      | Reached XP level 2. HP: 17/17 MP: 3/5
   575 | D:1      | Reached XP level 3. HP: 20/21 MP: 6/6
  1562 | D:2      | Reached XP level 4. HP: 26/27 MP: 8/8
  1664 | D:2      | Learned a level 3 spell: Frozen Ramparts
  2589 | D:3      | Found a transporter.
  2589 | D:3      | Noticed GloriousHammer's ghost (amateur VSBr)
  2602 | D:3      | Found a transporter.
  2734 | D:3      | Identified the +6 whip "Butor" {elec, *Noise MP+9 Dex+5
                  | Stlth-}
  2845 | D:3      | Found a snail-covered altar of Cheibriados.
  3229 | D:3      | Found a shimmering altar of Xom.
  3238 | D:3      | Reached XP level 5. HP: 31/31 MP: 9/9
  3238 | Abyss:1  | Cast into level 1 of the Abyss (crimson imp)
  3251 | Abyss:1  | Found a corrupted altar of Lugonu.
  3282 | Abyss:1  | Noticed a large abomination
  3296 | Abyss:1  | Found a corrupted altar of Lugonu.
  3316 | Abyss:1  | Noticed a demonic crawler
  3335 | D:3      | Escaped the Abyss
  3337 | D:3      | HP: 1/31 [poisoned by a crimson imp]
  3338 | D:3      | Mangled by a demonic crawler

Illustrated notes

Levels and vault maps discovered:
D:1:      lightli_arrival_maybe_door_vault, layout_rooms,
          serial_co_window_serial, co_window_paths_a,
          co_window_of_opportunity_a, co_window_of_opportunity_a,
          co_window_corner_a, co_window_paths_a, co_window_corner_a,
          co_window_paths_b, co_window_broadway_c, co_window_broadway_b,
          co_window_2corner, co_window_2corner, co_window_4corner_a,
          co_window_paths_d, glass_columns_a, glass_columns_b, st_stairs_14,
          skrybe_limestone_x, minmay_crystal_room
D:2:      layout_basic
D:3:      layout_loops_corners, led_xom_imps, old_standard_altar,
          gammafunk_ghost_arena

Skill      XL: |  1  2  3  4 |
---------------+-------------+-----
Dodging        | 3 |  3.5
Spellcasting   | 3 |  3.0
Stealth        | |  2.9
Ice Magic      | |  4.8

Action                     |  1- 3 |  4- 6 || total
---------------------------+-------+-------++-------
  Melee: Short sword       |    68 |    31 ||    99
         Constrict         |    21 |     9 ||    30
         Tentacles         |    13 |    11 ||    24
         Whip              |       |    15 ||    15
         Punch             |       |     1 ||     1
   Cast: Freeze            |    11 |       ||    11
         Frozen Ramparts   |       |     1 ||     1
    Use: Scroll            |       |     2 ||     2
         Potion            |       |     1 ||     1
   Stab: Sleeping          |    13 |     8 ||    21
 Armour: Skin              |     3 |     7 ||    10
  Dodge: Dodged            |    34 |    27 ||    61

Table legend: (Time is in decaauts)
 A = Elapsed time spent in this place.
 B = Non-inter-level travel time spent in this place.
 C = Inter-level travel time spent in this place.
 D = Time resting spent in this place.
 E = Time spent auto-exploring this place.
 F = Levels seen in this place.
 G = Mean time per level.
                   A        B        C        D        E       F      G
               +--------+--------+--------+--------+--------+-----+--------+
         Total |   3337 |   3252 |     85 |      0 |   2580 |   4 |  834.2 |
       Dungeon |   3240 |   3155 |     85 |      0 |   2580 |   3 | 1080.0 |
         Abyss |     96 |     96 |      0 |      0 |      0 |   1 |   96.0 |
               +--------+--------+--------+--------+--------+-----+--------+

Top non-repeatable levels by time:
     D:1: 1339 daAuts
     D:2: 1104 daAuts
     D:3: 796 daAuts
 Abyss:1: 96 daAuts
